 Dungeon Crawl Stone Soup version 0.29.1-2-gbd0b4ee654 (webtiles) character file.

Game seed: 13765229274755966151

252 Sabo the Chopper (level 5, -2/47 HPs)
             Began as a Draconian Berserker on Nov 14, 2022.
             Was a Believer of Trog.
             Slain by Sigmund
             ... wielding a +2 vorpal scythe
              (4 damage)
             ... on level 3 of the Dungeon.
             The game lasted 00:12:37 (3735 turns).

Sabo the Chopper (Draconian Berserker)              Turns: 3735, Time: 00:12:37

Health: -2/47      AC:  5    Str: 21    XL:     5   Next: 89%
Magic:  5/5        EV: 13    Int:  7    God:    Trog [**....]
Gold:   125        SH:  0    Dex: 11    Spells: 4/4 levels left

rFire   . . .      SeeInvis .   k - +0 short sword (elec)
rCold   . . .      Faith    .   (no shield)
rNeg    . . .      Spirit   .   (body armour unavailable)
rPois   .          Reflect  .   (helmet restricted)
rElec   .          Harm     .   (no cloak)
rCorr   .          Rampage  .   (no gloves)
Will    .....                   (no boots)
Stlth   +.........              (no amulet)
HPRegen 0.15/turn               (no ring)
MPRegen 0.09/turn               (no ring)

@: on berserk cooldown
A: AC +5, unfitting armour, cold-blooded
a: Renounce Religion, Berserk, Trog's Hand


You were on level 3 of the Dungeon.
You worshipped Trog.
Trog was pleased with you.
You visited 1 branch of the dungeon, and saw 3 of its levels.

You collected 125 gold pieces.

Inventory:

Hand Weapons
 a - a +0 hand axe
 d - a +0 sling
 k - a +0 short sword of electrocution (weapon)
Missiles
 h - 2 javelins (quivered)
Wands
 m - a wand of polymorph (5)
Scrolls
 e - 2 scrolls of teleportation
Potions
 c - a potion of curing
 f - 3 potions of might
 g - a potion of haste
 j - a potion of degeneration {unknown}
 l - a potion of berserk rage {unknown}


   Skills:
 + Level 4.4 Fighting
 + Level 0.2 Short Blades
 + Level 4.9 Axes
 + Level 3.9 Dodging
 + Level 1.0 Stealth


You had 4 spell levels left.
You didn't know any spells.
Your spell library was empty.

Dungeon Overview and Level Annotations

Branches:
Dungeon (3/15)

Altars:
Xom

Annotations:
D:3 Sigmund


Innate Abilities, Weirdness & Mutations

Your plain brown scales are hard. (AC +5)
You cannot fit into any form of body armour.
You are cold-blooded and may be slowed by cold attacks.


Message History

Sigmund zaps a wand.
The bolt of dispelling energy hits you! Sigmund barely misses you.
You feel your anger nearly subside.
You are no longer berserk.
You are exhausted.
You feel yourself slow down.
You barely miss Sigmund.
Your tail-slap misses Sigmund.
Sigmund giggles. "Time to reap what you sow."
Sigmund zaps a wand.
The bolt of dispelling energy hits you!
Your magical effects are unravelling.
Sigmund gestures at you while chanting. You resist with some effort.
You hit Sigmund but do no damage.
You feel yourself speed up. Sigmund gestures at you while chanting.
The magic dart hits you.
* * * LOW HITPOINT WARNING * * *
You barely miss Sigmund.
Your tail-slap misses Sigmund.
Sigmund says, "Your kind have come here before.
I understand now why.
You desire death..."
Sigmund hits you with a +2 vorpal scythe.
* * * LOW HITPOINT WARNING * * *
x2 You hit Sigmund.
Sigmund is lightly wounded.
Sigmund gestures at you while chanting. The puff of flame misses you.
You hit Sigmund.
Sigmund is lightly wounded.
Sigmund hits you with a +2 vorpal scythe.
* * * LOW HITPOINT WARNING * * *
x2 You hit Sigmund but do no damage.
Sigmund is lightly wounded.
Sigmund says, "Your kind have come here before.
I understand now why.
You desire death..."
Sigmund points at you and mumbles some strange words.
You resist with some effort.
You hit Sigmund but do no damage.
Sigmund is lightly wounded.
Sigmund mumbles some strange words.
Sigmund flickers and vanishes!
Deactivating autopickup; reactivate with Ctrl-A.
You miss something. Something hits you.
You die...

#..#.##.##.####.###.#
#..#.##.##.####.###.#
#....##.............#
#.).............#
#..>....##.....##
#######.######.# #.#
#.# . #.# #.# ## #.#
#@# #. #.# #{# #. #.#
#S# #. #.# ..# #. #.
#.# .## #. #. #.# #.
#. #. #.# #. ### #.
#. #.# #. #.. #. #.
#.# #.# .### #. #.


You could see an adder.

Vanquished Creatures
  3 crimson imps (D:3)
  Terence (D:3)
  An adder (D:3)
  3 gnolls (D:3)
  2 worms (D:2)
  4 dart slugs
  6 endoplasms
  6 giant cockroaches
  6 goblins
  2 hobgoblins
  7 jackals
  4 quokkas
  5 ball pythons
  4 bats
  4 frilled lizards
  6 kobolds
  6 rats
70 creatures vanquished.

Notes
Turn   | Place    | Note
-------+----------+-------------------------------------------
     0 | D:1      | Sabo the Draconian Berserker began the quest for the Orb.
     0 | D:1      | Reached XP level 1. HP: 19/19 MP: 1/1
    39 | D:1      | Reached XP level 2. HP: 25/26 MP: 2/2
   848 | D:1      | Found a faded altar of an unknown god.
   991 | D:1      | Reached XP level 3. HP: 31/33 MP: 3/3
  1445 | D:2      | Reached ** piety under Trog
  1847 | D:2      | Reached XP level 4. HP: 40/40 MP: 4/4
  2411 | D:3      | Found a shimmering altar of Xom.
  2426 | D:3      | Reached XP level 5. HP: 46/46 MP: 5/5
  2699 | D:3      | Noticed Terence
  2711 | D:3      | Killed Terence
  3019 | D:3      | Reached skill level 1 in Stealth
  3720 | D:3      | Noticed Sigmund
  3732 | D:3      | HP: 2/47 [Sigmund/+2 vorpal scythe (2)]
  3735 | D:3      | Slain by Sigmund

Illustrated notes

Levels and vault maps discovered:
D:1:      ncdulo_halloftheorcs, layout_basic, hellmonk_ecumenical_altar_lost_god
D:2:      layout_loops_ring, serial_park_tiny_pond
D:3:      layout_loops_ring, led_xom_imps, uniq_terence, uniq_sigmund

Skill      XL: |  1  2  3  4  5 |
---------------+----------------+-----
Dodging        | 3 |  3.9
Fighting       | 4 |  4.4
Axes           | 4 |  4.9
Stealth        | 1 |  1.0
Short Blades   | |  0.2

Action                   |  1- 3 |  4- 6 || total
-------------------------+-------+-------++-------
Melee: Hand axe          |   143 |    87 ||   230
       Tailslap          |    14 |     9 ||    23
       Short sword       |       |    44 ||    44
       Unarmed           |       |    12 ||    12
Invok: Berserk           |       |     3 ||     3
  Use: Scroll            |     3 |     4 ||     7
 Stab: Sleeping          |       |     3 ||     3
Armor: Skin              |    56 |    41 ||    97
Dodge: Dodged            |   100 |   128 ||   228
